 Dungeon Crawl Stone Soup version 0.23.2 (webtiles) character file.

Game seed: 6608765958425208392

994 Lusmu the Covert (level 8, -14/75 HPs)
             Began as a Naga Warper on Apr 1, 2019.
             Was an Initiate of Ashenzari.
             Demolished by an orc warrior
             ... wielding a +0 glaive
              (30 damage)
             ... on level 6 of the Dungeon.
             The game lasted 00:29:13 (8207 turns).

Lusmu the Covert (Naga Warper)                      Turns: 8207, Time: 00:29:14

Health: -14/75     AC:  5    Str: 14    XL:     8   Next: 19%
Magic:  11/11      EV:  9    Int: 14    God:    Ashenzari [......]
Gold:   228        SH:  0    Dex: 12    Spells: 9/11 levels left

rFire    . . .     SeeInvis +   a - +1 spear
rCold    . . .     Gourm    .   (no shield)
rNeg     . . .     Faith    .   b - +0 leather armour
rPois    +         Spirit   .   n - +0 helmet (curse)
rElec    .         Reflect  .   (no cloak)
rCorr    .         Harm     .   (no gloves)
MR       +....                  (no barding)
Stlth    +++.......             (no amulet)
HPRegen  0.22/turn              q - ring of flight
MPRegen  0.12/turn              (no ring)

@: very slow
A: large, see invisible, deformed body, poison resistance, slowness 2, slow
metabolism 1, spit poison 1, AC +2
a: Spit Poison, Curse Item, Renounce Religion, Evoke Flight


You were on level 6 of the Dungeon.
You worshipped Ashenzari.
Ashenzari was noncommittal.
You were not hungry.

You visited 2 branches of the dungeon, and saw 7 of its levels.
You also visited: Sewer.

You collected 228 gold pieces.

Inventory:

Hand Weapons
 a - a +1 spear (weapon)
Missiles
 e - 5 tomahawks of dispersal (quivered)
Armour
 b - a +0 leather armour (worn)
 n - a cursed +0 helmet (worn)
 x - the +5 plate armour of the Pure Shrikes {Dex+3}
   (You found it on level 5 of the Dungeon)

   It affects your dexterity (+3).
Jewellery
 q - a ring of flight (left hand)
Wands
 s - a wand of paralysis (7)
 u - a wand of enslavement (6)
Scrolls
 c - 5 scrolls of teleportation
 d - 4 scrolls of blinking
 h - a scroll of remove curse
 i - 2 scrolls of amnesia
 k - a scroll of enchant weapon
 l - a scroll of identify
Potions
 g - 3 potions of flight {unknown}
 j - a potion of magic
 m - 4 potions of curing
 o - a potion of lignification
 p - a potion of agility
 t - a potion of mutation {unknown}
 v - a potion of heal wounds {unknown}
Comestibles
 f - 10 rations


   Skills:
 + Level 5.6 Fighting
 + Level 5.5 Polearms
 - Level 0.8 Throwing
 - Level 0.7 Armour
 - Level 1.5 Dodging
 + Level 8.2 Stealth
 - Level 2.0 Spellcasting
 - Level 3.0 Translocations


You had 9 spell levels left.
You knew the following spells:

 Your Spells              Type           Power        Failure   Level  Hunger
a - Blink                 Tloc           N/A          13%         2    ###....

Your spell library contained the following spells:

 Spells                   Type           Power        Failure   Level  Hunger
 Shroud of Golubria       Chrm/Tloc      #.........   24%         2    ###....
 Gell's Gravitas          Tloc           #.........   26%         3    ####...
 Lesser Beckoning         Tloc           #.........   26%         3    ####...
 Teleport Other           Tloc           #.......     26%         3    ####...
 Infusion                 Chrm           #...         30%         1    ##.....
 Song of Slaying          Chrm           #.......     41%         2    ###....
 Regeneration             Chrm/Necr      #.........   65%         3    ####...
 Spectral Weapon          Hex/Chrm       #.......     65%         3    ####...
 Passage of Golubria      Tloc           N/A          65%         4    #####..


Dungeon Overview and Level Annotations

Branches:
Dungeon (6/15)             Temple (1/1) D:4

Altars:
Ashenzari
Cheibriados
Dithmenos
Elyvilon
Fedhas
Gozag
Makhleb
Nemelex Xobeh
Okawaru
Qazlal
Trog
Uskayaw
Xom
Zin
The Shining One
Jiyva

Annotations:
D:5 2 runed translucent doors, Grinder; Peloso's ghost, novice MiFi


Innate Abilities, Weirdness & Mutations

You cannot wear boots.
Your serpentine skin is tough. (AC +2)
You have supernaturally acute eyesight. (SInv)
Armour fits poorly on your strangely shaped body.
Your system is resistant to poisons. (rPois)
You cover ground very slowly.
You have a slow metabolism.
You can spit poison.


Message History

The burst of metal fragments hits the orc warrior but does no damage. x4
The orc warrior is almost dead.
The orc warrior looks more healthy.
Evoke which item? (* to show all) (? for menu, Esc to quit)
Aiming: Scattershot
Press: ? - help, Shift-Dir - straight line, f/p - orc warrior
Aim: an orc warrior, wielding a +0 glaive and wearing a +0 plate armour (almost dead)
The burst of metal fragments hits the orc warrior.
The burst of metal fragments hits the orc warrior but does no damage.
The orc warrior is almost dead.
The now-empty wand crumbles to dust.
The orc warrior hits you from afar with a +0 glaive.
* * * LOW HITPOINT WARNING * * *
Evoke which item? (* to show all) (? for menu, Esc to quit)
Aiming: Paralyse
Press: ? - help, Shift-Dir - straight line, f/p - orc warrior
Aim: an orc warrior, wielding a +0 glaive and wearing a +0 plate armour (almost dead, chance to defeat MR: 46%)
The orc warrior resists with some effort.
The orc warrior hits you from afar with a +0 glaive!!
You die...

#.#.#..>.........#
.o#....#.#.######
######..###.<#.#...#
#..ooo.># ##.#.###.#
#.####### #..#.#...#
#####...#..####.##.#.###
.............#.....#.#
#######.)#.#.#######.#
.........)[...o.@..#.#
#########....#####.#.#
..........#####.#....#
#########.# #....###
..#.......# #...##
#.##.###### ##### #.##.#
#....# ######


You could see an orc warrior.

Vanquished Creatures
  Menkaure (D:5)
  2 ogres
  A centaur (D:5)
  A big kobold (Sewer)
  4 orc priests
  A bullfrog skeleton (D:4)
  3 hounds
  An orc wizard (D:4)
  Ijyb (D:3)
  2 worker ants
  5 adders
  4 river rats (Sewer)
  A shadow imp (D:5)
  An ooze (D:2)
  5 worms
  2 dart slugs (D:1)
  5 leopard geckos
  7 orcs
  A ball python (D:3)
  8 bats
  5 giant cockroaches
  13 goblins
  9 hobgoblins
  10 jackals
  8 kobolds
  A ball python skeleton (D:4)
  A ball python zombie (D:5)
  8 frilled lizards
  A leopard gecko skeleton (D:4)
  2 quokka skeletons
  9 rats
123 creatures vanquished.

Notes
Turn   | Place    | Note
-------+----------+-------------------------------------------
     0 | D:1      | Lusmu the Naga Warper began the quest for the Orb.
     0 | D:1      | Reached XP level 1. HP: 19/19 MP: 3/3
   370 | D:1      | Reached skill level 1 in Stealth
   432 | D:1      | Reached XP level 2. HP: 26/26 MP: 5/5
   679 | D:1      | Reached skill level 2 in Stealth
   909 | D:1      | Reached XP level 3. HP: 25/33 MP: 6/6
  1137 | D:1      | Learned a level 2 spell: Blink
  2226 | D:2      | Reached skill level 3 in Stealth
  2311 | D:2      | Found a shadowy altar of Dithmenos.
  2560 | D:2      | Reached XP level 4. HP: 35/40 MP: 7/7
  3197 | D:3      | Noticed an ogre
  3214 | D:3      | Killed an ogre
  3214 | D:3      | Reached skill level 4 in Stealth
  3214 | D:3      | Reached XP level 5. HP: 15/49 MP: 2/8
  3949 | D:3      | Noticed Ijyb
  4391 | D:3      | Killed Ijyb
  4676 | D:3      | Reached skill level 5 in Stealth
  4676 | D:3      | Reached XP level 6. HP: 32/57 MP: 6/9
  4962 | D:4      | Found a snail-covered altar of Cheibriados.
  4962 | D:4      | Found a shattered altar of Ashenzari.
  4966 | D:4      | Became a worshipper of Ashenzari the Shackled
  5076 | D:4      | Found a staircase to the Ecumenical Temple.
  5087 | Temple   | Entered the Ecumenical Temple
  5244 | D:4      | Found a white marble altar of Elyvilon.
  5244 | D:4      | Found a glowing golden altar of the Shining One.
  5244 | D:4      | Found a glowing silver altar of Zin.
  5750 | D:4      | Reached skill level 6 in Stealth
  5798 | D:4      | Reached XP level 7. HP: 58/66 MP: 10/10
  6269 | D:5      | Entered Level 5 of the Dungeon
  6341 | D:5      | Noticed Menkaure
  6342 | D:5      | Found a glowing drain.
  6354 | D:5      | Killed Menkaure
  6397 | Sewer    | Entered a sewer
  6424 | Sewer    | Reached skill level 5 in Fighting
  6424 | Sewer    | Reached skill level 7 in Stealth
  6738 | Sewer    | Reached skill level 5 in Polearms
  6862 | Sewer    | Found a glowing silver altar of Zin.
  7258 | D:5      | Found a runed translucent door.
  7261 | D:5      | Noticed Peloso's ghost (novice MiFi)
  7298 | D:5      | Found a sparkling altar of Nemelex Xobeh.
  7367 | D:5      | Noticed Grinder
  7597 | D:5      | Found a runed translucent door.
  7625 | D:5      | Reached XP level 8. HP: 48/74 MP: 11/11
  7656 | D:5      | Got the uncursed plate armour of the Pure Shrikes {Dex+3}
  7969 | D:6      | Reached skill level 8 in Stealth
  8207 | D:6      | Demolished by an orc warrior

Skill      XL: |  1  2  3  4  5  6  7  8 |
---------------+-------------------------+-----
Stealth        | 1 2 3 4 5 6 7 8 |  8.2
Fighting       | 3 4 5 |  5.6
Polearms       | 3 4 5 |  5.5
Throwing       | |  0.8
Armour         | |  0.7
Dodging        | |  1.5
Spellcasting   | |  2.0
Translocations | |  3.0

Action                   |  1- 3 |  4- 6 |  7- 9 || total
-------------------------+-------+-------+-------++-------
Melee: Spear             |   156 |   294 |   165 ||   615
 Cast: Blink             |       |     4 |       ||     4
Invok: Curse Item        |       |     1 |       ||     1
 Abil: Spit Poison       |     4 |     8 |     8 ||    20
       Evoke Flight      |       |       |     1 ||     1
Evoke: Wand              |       |     2 |     5 ||     7
  Use: Scroll            |     3 |     2 |     5 ||    10
       Potion            |       |     4 |     2 ||     6
 Stab: Paralysed         |       |    11 |     5 ||    16
       Sleeping          |       |     4 |     1 ||     5
       Distracted        |       |     2 |       ||     2
  Eat: Chunk             |     4 |     9 |     2 ||    15
       Ration            |       |       |     2 ||     2
Armor: Leather armour    |    35 |    63 |    25 ||   123
Dodge: Dodged            |    75 |   142 |    46 ||   263
